 Dungeon Crawl Stone Soup version 0.31-a0-188-g5e087ee2ca (webtiles) character file.

Game seed: 3668545095210389425

1995 Nedwor the Cutter (level 9, 0/68 HPs)
             Began as a Demonspawn Fighter on June 19, 2023.
             Was a Believer of Uskayaw.
             Splashed by a jelly's acid (1 damage)
             ... on level 6 of the Dungeon on June 23, 2023.
             The game lasted 00:15:39 (5259 turns).

Nedwor the Cutter (Demonspawn Fighter)              Turns: 5259, Time: 00:15:40

Health: 0/68       AC: -2    Str: 24    XL:     9   Next: 1%
Magic:  11/11      EV: 11    Int: 14    God:    Uskayaw [**....]
Gold:   355        SH: 15    Dex: 13    Spells: 8/8 levels left

rFire   . . .        l - +2 dagger (speed)
rCold   . . .        c - +1 buckler
rNeg    . . .        b - +0 scale mail
rPois   +            r - +2 helmet
rElec   .            m - +1 cloak of the Archfiend {-Tele +Inv Str+3 Int+5}
rCorr   .            h - +0 pair of gloves
SInv    .            (no boots)
Will    .....        q - amulet of reflection Stlth
                     d - ring of poison resistance
HPRegen 0.31/turn    (no ring)
MPRegen 0.12/turn

%: no teleportation, reflection
@: corroded
A: claws 1, icy blue scales 2, icemail 2, condensation shield
a: Renounce Religion, Evoke Invisibility, Stomp, Line Pass


You were on level 6 of the Dungeon.
You worshipped Uskayaw.
Uskayaw was noncommittal.
You visited 2 branches of the dungeon, and saw 7 of its levels.

You collected 355 gold pieces.

Inventory:

Hand Weapons
 a - a +0 rapier of flaming
 l - a +2 dagger of speed (weapon)
 u - a +0 dagger of electrocution
Armour
 b - a +0 scale mail (worn)
 c - a +1 buckler (worn)
 h - a +0 pair of gloves (worn)
 m - the +1 cloak of the Archfiend (worn) {-Tele +Inv Str+3 Int+5}
   (You found it on level 2 of the Dungeon)

   Str:       It affects your strength (+3).
   Int:       It affects your intelligence (+5).
   +Inv:      It lets you turn invisible.
   -Tele:     It prevents most forms of teleportation.
 r - a +2 helmet (worn)
Jewellery
 d - a ring of poison resistance (left hand)
 e - a ring of positive energy
 g - a ring of wizardry
 q - an amulet of reflection (around neck)
Wands
 k - a wand of roots (5)
Scrolls
 i - a scroll of fog
 j - a scroll of teleportation
 v - a scroll of immolation {unknown}
Potions
 f - a potion of lignification
 n - 2 potions of mutation {unknown}
 o - a potion of brilliance {unknown}
 p - 3 potions of curing
 s - 3 potions of magic


   Skills:
 + Level 5.5 Fighting
 * Level 6.3 Short Blades
 + Level 5.1 Armour
 + Level 3.9 Dodging
 + Level 4.9 Shields
 + Level 3.4 Invocations


You had 8 spell levels left.
You didn't know any spells.
Your spell library contained the following spells:

 Spells                   Type           Power      Damage    Failure   Level
 Shock                    Conj/Air       0%         1d3       63%         1
 Blink                    Tloc           0%         N/A       77%         2
 Cigotuvi's Dreadful Rot  Necr/Pois/Air  0%         N/A       77%         2
 Lesser Beckoning         Tloc           0%         N/A       77%         2
 Momentum Strike          Conj/Tloc      0%         3d8       77%         2
 Swiftness                Air            0%         N/A       94%         3
 Airstrike                Air            0%         2d(0-16)  100%        4
 Dispel Undead            Necr           0%         3d6       100%        4
 Death Channel            Necr           0%         N/A       100%        6


Dungeon Overview and Level Annotations

Branches:
Dungeon (6/15)             Temple (1/1) D:5

Altars:
Ashenzari
Cheibriados
Dithmenos
Fedhas
Gozag
Hepliaklqana
Kikubaaqudgha
Makhleb
Nemelex Xobeh
Okawaru
Qazlal
Ru
Sif Muna
Trog
Uskayaw
Vehumet
Wu Jian


Innate Abilities, Weirdness & Mutations

You have sharp fingernails.
You are mostly covered in icy blue scales. (AC +3)
A meltable icy envelope protects you from harm. (AC +8)
A meltable shield of frost defends you. (SH +4)


Message History

The jelly is severely wounded.
You block the jelly's attack.
You hit the jelly but do no damage.
Your hands burn!
The jelly is severely wounded.
You hit the jelly but do no damage.
Your hands burn!
The jelly is severely wounded.
You block the jelly's attack.
You hit the jelly but do no damage.
Your hands burn!
The jelly is severely wounded.
You hit the jelly but do no damage.
Your hands burn!
The jelly is severely wounded.
The jelly closely misses you.
You hit the jelly but do no damage.
Your hands burn!
The jelly is severely wounded.
You hit the jelly but do no damage.
Your hands burn!
* * * LOW HITPOINT WARNING * * *
The jelly is severely wounded.
The jelly hits you.
* * * LOW HITPOINT WARNING * * *
The acid corrodes you!
You are splashed with acid.
* * * LOW HITPOINT WARNING * * *
You completely miss the jelly.
The jelly is severely wounded.
You hit the jelly but do no damage. The acid corrodes you!
Your hands burn!
* * * LOW HITPOINT WARNING * * *
The jelly is severely wounded.
You hit the jelly.
Your hands burn!
* * * LOW HITPOINT WARNING * * *
The jelly is severely wounded.
You block the jelly's attack.
You barely miss the jelly.
The jelly is severely wounded.
You barely miss the jelly.
The jelly is severely wounded.
The jelly hits you.
* * * LOW HITPOINT WARNING * * *
You are splashed with acid!
* * * LOW HITPOINT WARNING * * *
You hit the jelly but do no damage.
Your hands burn!
You die...

#. ..#....... +.
##.#...... . #.
.......... ..#+##.
......... .......
......... #.....
........###### #.....
......J)#....# #...>.
.......@#....# ..######
........#....# ........
........####.#######....
####.......#.##...######
#.......#......##..##
+.......#............
#.......#..†.....)...
#.......###'##.##..##
#####....†...#.######


You could see a jelly.

Vanquished Creatures
  Sigmund (D:4)
  Eustachio (D:5)
  Duvessa (D:6)
  2 black bears
  An ice beast (D:6)
  3 ogres (D:6)
  A bullfrog (D:6)
  A gnoll sergeant (D:5)
  A scorpion (D:6)
  2 wights (D:6)
  Dowan (D:6)
  2 howler monkeys
  2 jellies
  2 orc priests (D:5)
  2 gnoll boudas
  2 hounds
  Natasha (thrice) (D:3)
  Terence (D:3)
  3 iguanas
  An orc wizard (D:3)
  9 gnolls
  3 adders
  An ufetubus (D:4)
  3 worms
  2 dart slugs (D:3)
  13 orcs
  4 ball pythons
  5 bats
  7 endoplasms
  4 giant cockroaches
  8 goblins
  6 hobgoblins
  7 jackals
  4 kobolds
  A quokka (D:1)
  4 frilled lizards
  10 rats
124 creatures vanquished.

Notes
Turn   | Place    | Note
-------+----------+-------------------------------------------
     0 | D:1      | Nedwor the Demonspawn Fighter began the quest for the Orb.
     0 | D:1      | Reached XP level 1. HP: 18/18 MP: 1/1
    33 | D:1      | Reached skill level 2 in Short Blades
    42 | D:1      | Gained mutation: You are partially covered in icy blue
                  | scales. (AC +2) [demonic ancestry]
    42 | D:1      | Reached XP level 2. HP: 18/24 MP: 2/2
   575 | D:2      | Identified the +1 cloak of the Archfiend {-Tele +Inv Str+3
                  | Int+5}
   693 | D:2      | Reached XP level 3. HP: 29/29 MP: 3/3
   787 | D:2      | Found a faded altar of an unknown god.
  1208 | D:2      | Reached skill level 1 in Dodging
  1240 | D:2      | Upgraded the game from 0.31-a0-177-g4aa6249778 to
                  | 0.31-a0-188-g5e087ee2ca
  1299 | D:3      | Noticed Natasha
  1318 | D:3      | Killed Natasha
  1319 | D:3      | Gained mutation: A meltable shield of frost defends you.
                  | (SH +4) [demonic ancestry]
  1319 | D:3      | Reached XP level 4. HP: 15/35 MP: 4/4
  1465 | D:3      | Noticed Terence
  1501 | D:3      | Killed Terence
  1502 | D:3      | Reached skill level 3 in Short Blades
  1521 | D:3      | Noticed Natasha
  1530 | D:3      | Killed Natasha
  1531 | D:3      | Gained mutation: You are mostly covered in icy blue scales.
                  | (AC +3) [demonic ancestry]
  1531 | D:3      | Reached XP level 5. HP: 41/41 MP: 5/5
  2076 | D:3      | Noticed Natasha
  2088 | D:3      | Killed Natasha
  2279 | D:4      | Gained mutation: You have sharp fingernails. [demonic
                  | ancestry]
  2279 | D:4      | Reached XP level 6. HP: 29/48 MP: 6/6
  2575 | D:4      | Noticed Sigmund
  2584 | D:4      | Killed Sigmund
  2585 | D:4      | Reached skill level 4 in Short Blades
  2708 | D:4      | Reached XP level 7. HP: 30/54 MP: 7/7
  3139 | D:5      | Entered Level 5 of the Dungeon
  3637 | D:5      | Reached skill level 5 in Short Blades
  3863 | D:5      | Found a staircase to the Ecumenical Temple.
  3893 | Temple   | Entered the Ecumenical Temple
  3927 | Temple   | Became a worshipper of Uskayaw the Reveller
  3968 | D:5      | Reached * piety under Uskayaw
  3994 | D:5      | Noticed Eustachio
  4017 | D:5      | Reached ** piety under Uskayaw
  4020 | D:5      | Reached *** piety under Uskayaw
  4029 | D:5      | Reached **** piety under Uskayaw
  4036 | D:5      | Reached ***** piety under Uskayaw
  4037 | D:5      | Killed Eustachio
  4038 | D:5      | Reached skill level 1 in Invocations
  4038 | D:5      | Gained mutation: A meltable icy envelope protects you from
                  | harm. (AC +8) [demonic ancestry]
  4038 | D:5      | Reached XP level 8. HP: 34/61 MP: 8/8
  4560 | D:6      | Reached skill level 5 in Fighting
  4756 | D:6      | Noticed Duvessa
  5031 | D:6      | Killed Duvessa
  5034 | D:6      | Reached skill level 6 in Short Blades
  5036 | D:6      | Reached skill level 5 in Armour
  5048 | D:6      | Noticed Dowan
  5103 | D:6      | Killed Dowan
  5208 | D:6      | Gained mutation: A meltable icy envelope protects you from
                  | harm. (AC +8) [demonic ancestry]
  5208 | D:6      | Reached XP level 9. HP: 67/68 MP: 11/11
  5258 | D:6      | HP: 1/68 [acid (7)]
  5259 | D:6      | Splashed by a jelly's acid

Illustrated notes

Levels and vault maps discovered:
D:1:      nicolae_arrival_memento_mori, layout_rooms
D:2:      layout_basic, ebering_ecumenical_altar_box, minmay_fractal_squares_5
D:3:      minmay_razor_zed, layout_rooms, uniq_natasha, uniq_terence
D:4:      layout_rooms, minmay_diced_spiral, uniq_sigmund
D:5:      layout_basic, minmay_temple_entry_mist, uniq_eustachio
D:6:      lemuel_castle_with_subvaults [lemuel_castle_interior_original],
          layout_gridville, serial_shops, shop, shop, kennysheep_mini_moat,
          shop, kennysheep_nub, uniq_duvessa
Temple:   hellmonk_temple_of_storms

Skill      XL: |  1  2  3  4  5  6  7  8 |
---------------+-------------------------+-----
Short Blades   | 2 3 4 5 6 |  6.3
Armour         | 3 4 5 |  5.1
Dodging        | 1 2 3 |  3.9
Shields        | 3 4 |  4.9
Fighting       | 4 5 |  5.5
Invocations    | 1 3 |  3.4

Action                     |  1- 3 |  4- 6 |  7- 9 || total
---------------------------+-------+-------+-------++-------
  Melee: Rapier            |    70 |       |       ||    70
         Dagger            |    92 |   272 |   586 ||   950
    Use: Scroll            |       |    14 |     5 ||    19
         Potion            |       |     3 |     5 ||     8
   Stab: Paralysed         |       |       |     9 ||     9
 Armour: Scale mail        |    60 |    72 |   119 ||   251
  Dodge: Dodged            |    62 |    40 |   112 ||   214
  Block: Buckler           |    32 |    96 |   311 ||   439
         Reflection        |       |     1 |     2 ||     3

Table legend: (Time is in decaauts)
 A = Elapsed time spent in this place.
 B = Non-inter-level travel time spent in this place.
 C = Inter-level travel time spent in this place.
 D = Time resting spent in this place.
 E = Time spent auto-exploring this place.
 F = Levels seen in this place.
 G = Mean time per level.
                   A        B        C        D        E       F      G
               +--------+--------+--------+--------+--------+-----+--------+
         Total |   4847 |   4651 |    196 |    908 |   2543 |   7 |  692.4 |
       Dungeon |   4802 |   4617 |    185 |    908 |   2533 |   6 |  800.3 |
        Temple |     45 |     34 |     11 |      0 |     10 |   1 |   45.0 |
               +--------+--------+--------+--------+--------+-----+--------+

Top non-repeatable levels by time:
     D:5: 1226 daAuts
     D:4: 969 daAuts
     D:3: 803 daAuts
     D:2: 769 daAuts
     D:1: 582 daAuts
     D:6: 451 daAuts
  Temple: 45 daAuts
